 Dungeon Crawl Stone Soup version 0.27-a0-506-g2188dfaaa0 (webtiles) character file.

Game seed: 6605829795210807753

673878 TimeIsEndless the Grim Reaper (level 27, -20/166 HPs)
             Began as a Vine Stalker Fighter on Mar 3, 2021.
             Was the Champion of Yredelemnul.
             Killed from afar by an orb of fire (25 damage)
             ... with a fireball
             ... on level 4 of the Realm of Zot.
             The game lasted 03:07:08 (56959 turns).

TimeIsEndless the Grim Reaper (VSFi)               Turns: 56959, Time: 03:07:09

Health: -20/166    AC: 43    Str: 25    XL:     27
Magic:  0/37       EV: 28    Int:  7    God:    Yredelemnul [******]
Gold:   7389       SH: 21    Dex: 27    Spells: 40/41 levels left

rFire    + . .     SeeInvis +   P - +9 double sword (spect)
rCold    + . .     Faith    .   Q - +4 kite shield {reflect}
rNeg     + + +     Spirit   +   S - +10 plate armour of Asceticism {+Blink rElec rN+++ Int-5}
rPois    +         Reflect  +   q - +2 helmet {SInv}
rElec    +         Harm     .   Z - +1 cloak of Starlight {*Dazzle EV+4 Stlth--}
rCorr    .         Rampage  .   b - +0 pair of gloves
Will     +++++                  A - +2 pair of boots of the Blessed Realm {rPois rC+ Dex+4}
Stlth    +++.......             x - amulet of Vitality {Regen+ HP+15}
HPRegen  2.37/turn              y - +4 ring of protection
MPRegen  0.25/turn              u - ring of Ru's Grace {+Inv rN+ Will++ EV+4 Int+4}

@: about to teleport, studying 4 skills
A: fangs 3, thin skeletal structure 1, fire resistance 1, poison resistance,
regeneration 1, magic shield, antimagic bite, no potion heal 3
}: 4/15 runes: decaying, slimy, silver, gossamer
a: Renounce Religion, Evoke Blink, Evoke Invisibility, Recall Undead Slaves,
Injury Mirror, Animate Dead, Drain Life, Enslave Soul


You were on level 4 of the Realm of Zot.
You worshipped Yredelemnul.
Yredelemnul was exalted by your worship.
You visited 13 branches of the dungeon, and saw 60 of its levels.
You visited the Abyss 1 time.
You visited 1 bazaar.
You visited 1 ziggurat, and saw 15 of its levels.
You also visited: Bailey and Volcano.

You collected 10604 gold pieces.
You spent 3215 gold pieces at shops.

Inventory:

Hand Weapons
 a - the +8 autumn katana {vorpal, Clar}
   (You found it on level 15 of a ziggurat)

   It inflicts extra damage upon your enemies.
   It protects you against confusion.
 P - a +9 spectral double sword (weapon)
Armour
 b - a +0 pair of gloves (worn)
 j - the +2 helmet of Stoicism {Harm rElec Dex+7}
   (You found it on level 3 of the Elven Halls)

   It affects your dexterity (+7).
   It insulates you from electricity.
   It increases damage dealt and taken.
 q - a +2 helmet of see invisible (worn)
 A - the +2 pair of boots of the Blessed Realm (worn) {rPois rC+ Dex+4}
   (You found it on level 3 of the Elven Halls)

   It affects your dexterity (+4).
   It protects you from cold.
   It protects you from poison.
 Q - a +4 kite shield of reflection (worn)
 S - the +10 plate armour of Asceticism (worn) {+Blink rElec rN+++ Int-5}
   (You took it off a deep elf blademaster on level 3 of the Elven Halls)

   It affects your intelligence (-5).
   It insulates you from electricity.
   It renders you almost immune to negative energy.
   It lets you blink.
 Z - the +1 cloak of Starlight (worn) {*Dazzle EV+4 Stlth--}
   (You found it on level 9 of a ziggurat)

   It affects your evasion (+4).
   It makes you much less stealthy.
Jewellery
 l - the amulet "Sois Luik" {rN++ Regen+ Int+6 Stlth+}
   (You found it on level 1 of the Crypt)

   [amulet of regeneration]

   It affects your intelligence (+6).
   It greatly protects you from negative energy.
   It increases your rate of regeneration.
   It makes you more stealthy.
 u - the ring of Ru's Grace (right hand) {+Inv rN+ Will++ EV+4 Int+4}
   (You found it on level 13 of a ziggurat)

   [ring of evasion]

   It affects your evasion (+4).
   It affects your intelligence (+4).
   It protects you from negative energy.
   It affects your willpower, your defense against some magical effects.
   It lets you turn invisible.
 x - the amulet of Vitality (around neck) {Regen+ HP+15}
   (You bought it in a shop on level 10 of the Dungeon)

   [amulet of regeneration]

   It affects your health (+15).
   It increases your rate of regeneration.
 y - a +4 ring of protection (left hand)
 M - the ring "Maink" {+Fly rF++ rC+ Dex-4}
   (You found it on level 5 of the Vaults)

   [ring of flight]

   It affects your dexterity (-4).
   It greatly protects you from fire.
   It protects you from cold.
   It lets you fly.
 W - the amulet "Wecierup" {*Contam rElec rPois rC+ Regen+}
   (You found it on level 3 of the Crypt)

   [amulet of regeneration]

   It protects you from cold.
   It insulates you from electricity.
   It protects you from poison.
   It causes magical contamination when unequipped.
   It increases your rate of regeneration.
Wands
 p - a wand of digging (7)
 t - a wand of flame (102)
 C - a wand of polymorph (50)
 D - a wand of iceblast (41)
 E - a wand of paralysis (57)
 H - a wand of acid (11)
 R - a wand of mindburst (51)
 U - a wand of random effects (67)
Scrolls
 f - 14 scrolls of magic mapping
 h - 36 scrolls of teleportation
 o - 11 scrolls of fear
 s - a scroll of fog
 v - a scroll of amnesia
 z - a scroll of brand weapon
 G - 52 scrolls of identify
 T - 14 scrolls of enchant weapon
 V - 5 scrolls of enchant armour
Potions
 c - 3 potions of mutation
 d - 9 potions of might
 e - 25 potions of curing
 g - 6 potions of magic
 i - 8 potions of flight
 m - 3 potions of invisibility
 n - 16 potions of ambrosia
 r - 7 potions of resistance
 w - 10 potions of haste
 B - a potion of cancellation
 F - 3 potions of berserk rage
Miscellaneous
 k - a condenser vane (inert)
 I - a box of beasts
 K - a lightning rod (4/4)
 L - a phantom mirror
 O - a tin of tremorstones (inert)
 Y - a phial of floods


   Skills:
 + Level 17.9 Fighting
 + Level 17.8 Long Blades
 + Level 17.1 Armour
 + Level 13.3 Dodging
 - Level 19.0 Stealth
 + Level 17.9 Shields
 * Level 7.9 Spellcasting
 * Level 6.2 Translocations
 + Level 19.8 Invocations
 + Level 17.3 Evocations


You had 40 spell levels left.
You knew the following spells:

 Your Spells              Type           Power        Failure   Level
a - Apportation           Tloc           22%          10%         1

Your spell library contained the following spells:

 Spells                   Type           Power        Failure   Level
 Blink                    Tloc           N/A          16%         2
 Gell's Gravitas          Tloc           5%           30%         3
 Lesser Beckoning         Tloc           5%           30%         3
 Teleport Other           Tloc           11%          30%         3
 Manifold Assault         Tloc           11%          69%         4
 Passage of Golubria      Tloc           N/A          69%         4
 Portal Projectile        Hex/Tloc       14%          73%         3
 Animate Skeleton         Necr           4%           80%         1
 Beastly Appendage        Tmut           4%           80%         1
 Corona                   Hex            2%           80%         1
 Foxfire                  Conj/Fire      8%           80%         1
 Freeze                   Ice            8%           80%         1
 Magic Dart               Conj           8%           80%         1
 Pain                     Necr           8%           80%         1
 Sandblast                Erth           4%           80%         1
 Sting                    Tmut/Pois      8%           80%         1
 Summon Small Mammal      Summ           8%           80%         1
 Call Imp                 Summ           2%           90%         2
 Corpse Rot               Necr/Air       N/A          90%         2
 Ensorcelled Hibernation  Hex/Ice        4%           90%         2
 Passwall                 Tmut/Erth      1%           90%         2
 Poisonous Vapours        Pois/Air       4%           90%         2
 Searing Ray              Conj           4%           90%         2
 Slow                     Hex            2%           90%         2
 Sublimation of Blood     Necr           1%           90%         2
 Wereblood                Tmut           2%           90%         2
 Call Canine Familiar     Summ           2%           99%         3
 Confusing Touch          Hex            2%           99%         3
 Conjure Flame            Conj/Fire      2%           99%         3
 Dazzling Flash           Conj/Hex       4%           99%         3
 Frozen Ramparts          Ice            4%           99%         3
 Ignite Poison            Fire/Tmut/Pois 2%           99%         3
 Inner Flame              Hex/Fire       2%           99%         3
 Mephitic Cloud           Conj/Pois/Air  2%           99%         3
 Ozocubu's Armour         Ice            2%           99%         3
 Spider Form              Tmut/Pois      1%           99%         3
 Static Discharge         Conj/Air       2%           99%         3
 Stone Arrow              Conj/Erth      4%           99%         3
 Summon Guardian Golem    Hex/Summ       2%           99%         3
 Tukima's Dance           Hex            2%           99%         3
 Vampiric Draining        Necr           1%           99%         3
 Animate Armour           Summ/Erth      4%           100%        4
 Animate Dead             Necr           1%           100%        4
 Cause Fear               Hex            1%           100%        4
 Dispel Undead            Necr           2%           100%        4
 Hailstorm                Conj/Ice       2%           100%        4
 Ice Form                 Ice/Tmut       2%           100%        4
 Leda's Liquefaction      Hex/Erth       1%           100%        4
 Olgreb's Toxic Radiance  Pois           2%           100%        4
 Petrify                  Tmut/Erth      2%           100%        4
 Summon Ice Beast         Ice/Summ       2%           100%        4
 Summon Lightning Spire   Summ/Air       2%           100%        4
 Agony                    Necr           2%           100%        5
 Alistair's Intoxication  Tmut/Pois      1%           100%        5
 Blade Hands              Tmut           1%           100%        5
 Bolt of Magma            Conj/Fire/Erth 1%           100%        5
 Borgnjor's Vile Clutch   Necr/Erth      1%           100%        5
 Excruciating Wounds      Necr           1%           100%        5
 Fireball                 Conj/Fire      1%           100%        5
 Irradiate                Conj/Tmut      1%           100%        5
 Lee's Rapid Deconstruct  Erth           1%           100%        5
 Lightning Bolt           Conj/Air       1%           100%        5
 Metabolic Englaciation   Hex/Ice        1%           100%        5
 Silence                  Hex/Air        1%           100%        5
 Summon Forest            Summ/Tloc      3%           100%        5
 Summon Mana Viper        Hex/Summ       2%           100%        5
 Yara's Violent Unravell  Hex/Tmut       1%           100%        5
 Death Channel            Necr           1%           100%        6
 Dispersal                Tloc           5%           100%        6
 Eringya's Noxious Bog    Tmut/Pois      1%           100%        6
 Freezing Cloud           Conj/Ice/Air   1%           100%        6
 Hydra Form               Tmut           1%           100%        6
 Invisibility             Hex            2%           100%        6
 Iron Shot                Conj/Erth      1%           100%        6
 Shadow Creatures         Summ           N/A          100%        6
 Simulacrum               Ice/Necr       1%           100%        6
 Starburst                Conj/Fire      1%           100%        6
 Statue Form              Tmut/Erth      1%           100%        6
 Dragon Form              Tmut           1%           100%        7
 Haunt                    Necr/Summ      1%           100%        7
 Malign Gateway           Summ/Tloc      3%           100%        7
 Monstrous Menagerie      Summ           1%           100%        7
 Ozocubu's Refrigeration  Ice            1%           100%        7
 Spellforged Servitor     Conj/Summ      1%           100%        7
 Summon Hydra             Summ           1%           100%        7
 Discord                  Hex            1%           100%        8
 Disjunction              Tloc           5%           100%        8
 Ignition                 Fire           1%           100%        8
 Summon Horrible Things   Summ           1%           100%        8
 Shatter                  Erth           1%           100%        9
 Tornado                  Air            1%           100%        9


Dungeon Overview and Level Annotations

Branches:
Dungeon (15/15)            Temple (1/1) D:4            Lair (6/6) D:10
  Swamp (4/4) Lair:4       Spider (4/4) Lair:4        Slime (5/5) Lair:5
    Orc (2/2) D:11            Elf (3/3) Orc:2        Vaults (5/5) D:13
  Crypt (3/3) Vaults:2       Tomb (3/3) Crypt:3      Depths (5/5) D:15
    Zot (4/5) Depths:5     Bailey (visited)         Volcano (visited)

Altars:
Ashenzari
Cheibriados
Dithmenos
Elyvilon
Fedhas
Gozag
Hepliaklqana
Kikubaaqudgha
Makhleb
Nemelex Xobeh
Okawaru
Qazlal
Ru
Sif Muna
Trog
Uskayaw
Vehumet
Wu Jian
Xom
Yredelemnul
Zin
The Shining One
Jiyva
Lugonu

Shops:
D:5 (!!*   D:7 ([   D:10 =   D:15 ([   Orc:2 [:::[?   Vaults:1 *   Vaults:3 (
Vaults:4 [   Vaults:5 ?!(   Depths:5 ==:

Portals:
Hell: Depths:1 Depths:2 Depths:3 Depths:4 Depths:5
Abyss: Depths:5
Pandemonium: Depths:2 Depths:3
Trove: Vaults:1 (give 2 scrolls of acquirement)

Annotations:
Depths:3 the Enchantress


Innate Abilities, Weirdness & Mutations

You have razor-sharp teeth.
Your natural rate of healing is unusually fast.
When hurt, damage is shared between your health and your magic reserves.
Your bite disrupts and absorbs the magic of your enemies.
Potions cannot restore your health.
You have a somewhat thin skeletal structure. (Dex +2, Stealth)
Your flesh is heat resistant. (rF+)
Your system is resistant to poisons. (rPois)


Message History

Your spectral weapon hits the orb of fire but does no damage.
The white draconian monk is engulfed in freezing vapours.
The orb of fire glows deep purple.
Strange energies course through your body.
The purple draconian is engulfed in freezing vapours.
The purple draconian seems to slow down.
The storm dragon is engulfed in freezing vapours.
The storm dragon breathes lightning at you.
The bolt of lightning hits the orb of fire.
The orb of fire completely resists.
The bolt of lightning misses you.
The bolt of lightning misses the orb of fire.
The bolt of lightning hits the orb of fire.
The orb of fire completely resists.
You catch the helpless orb of fire completely off-guard!
You chop the orb of fire into pieces!!! Your bite misses the orb of fire.
The orb of fire is moderately damaged.
The orb of fire glows red.
The fireball explodes!
The fireball engulfs you!!! You resist.
* * * LOW HITPOINT WARNING * * *
The fireball engulfs the orb of fire.
The orb of fire completely resists.
The fireball engulfs the orb of fire.
The orb of fire completely resists.
The fireball engulfs your spectral weapon!!
Your spectral weapon resists.
Your spectral weapon shares its damage with you!
Your spectral weapon fades away.
* * * LOW HITPOINT WARNING * * *
The white draconian monk is engulfed in freezing vapours.
The purple draconian is engulfed in freezing vapours.
The purple draconian seems to slow down.
The Killer Klown is engulfed in freezing vapours.
Okay, then.
As you read the scroll of fear, it crumbles to dust.
You assume a fearsome visage.
The orb of fire is unaffected. x2
The purple draconian resists with almost no effort.
The Killer Klown resists with some effort.
The storm dragon looks frightened!
The orb of fire glows deep purple.
The fireball explodes!
The fireball engulfs you!! You resist.
You die...
Your body rises from the dead as a mindless zombie.

######### #
###..)....## #
##..#######.##
# ##.### ##.#
# ##.## ##+
#.## # #.##
...§ ##.# #
#.# ..§§§ #.#
.. #.#
§☼§§§q#*# ...
#.# §§§§dp*@#
.. #.#
§§○§zD#.# #.#
§§§§§ ### #.#
.§§§ #.# ##+
#.## ##.# #.##
##.##


You could see 2 orbs of fire, a Killer Klown, a white draconian monk (berserk),
a storm dragon (fleeing), a purple draconian (berserk, slow) and a death cob.

Vanquished Creatures
  A dread lich (Vaults:5)
  2 ancient liches
  2 juggernauts
  10 royal mummies
  Boris (Tomb:1)
  Frederick (Vaults:5)
  4 golden dragons
  A bone dragon (Crypt:3)
  A hellephant (Zig:9)
  An iron giant (Zig:14)
  8 tentacled monstrosities
  6 liches
  4 titans (Vaults:5)
  6 acid blobs
  8 quicksilver dragons
  4 death cobs
  A tentacled starspawn (Abyss:2)
  8 ancient champions
  12 sphinxes
  4 storm dragons
  Frances (D:12)
  3 shadow dragons
  7 tengu reavers
  An Executioner (Depths:5)
  Donald (Swamp:3)
  5 revenants
  A draconian monk (Zot:4)
  7 azure jellies
  A nagaraja (Zig:5)
  3 iron dragons
  Aizul (Crypt:1)
  A spectral juggernaut (Zig:8)
  2 ghost moths
  5 fire giants
  9 draconian knights
  4 vault wardens
  9 orc warlords
  7 frost giants
  A juggernaut zombie (Zig:14)
  3 emperor scorpions
  6 deep elf sorcerers
  5 curse skulls
  7 draconian scorchers
  A draconian shifter (Zot:2)
  5 ghouls
  4 draconian stormcallers
  9 ironheart preservers
  2 reapers (Zig:14)
  4 deep elf elementalists
  A war gargoyle (Vaults:5)
  3 draconian annihilators
  23 very ugly things
  23 stone giants
  6 bennus
  5 green draconians
  5 vampire knights
  4 black draconians
  2 dire elephants (Zig:9)
  9 red draconians
  6 deep elf demonologists
  3 deep elf annihilators
  3 white draconians
  3 spark wasps
  3 entropy weavers
  6 purple draconians
  10 yellow draconians
  6 ettins
  A death ooze (Slime:5)
  4 deep elf death magi
  2 eidola
  3 eleionomae
  8 mummy priests
  2 quicksilver dragon zombies
  A great orb of eyes (shapeshifter) (Vaults:5)
  7 fire dragons
  9 jiangshi
  6 great orbs of eyes
  4 deep elf high priests
  14 ice dragons
  2 shambling mangroves
  A hell beast (Depths:5)
  2 spriggan air magi
  A naga warrior (Zig:5)
  5 rakshasas
  5 yaktaur captains
  Erolcha (D:9)
  2 catoblepae (Lair:6)
  25 vault guards
  A ghost crab (Zig:6)
  5 boulder beetles
  11 ogre magi
  12 hydras
  5 centaur warriors
  A two-headed ogre (shapeshifter) (Vaults:2)
  3 death knights
  4 alligators
  11 deep troll earth magi
  A tengu warrior (Depths:3)
  10 dancing weapons
  30 two-headed ogres
  A queen ant (Spider:1)
  16 orc high priests
  9 death yaks
  9 vampire magi
  5 deep troll shamans
  14 death scarabs
  A shock serpent (Zig:5)
  5 spriggan berserkers
  A thrashing horror (Abyss:2)
  15 deep elf knights
  A naga sharpshooter (Zig:5)
  2 storm dragon zombies
  15 hell knights
  4 soul eaters
  2 titan zombies
  4 shadow wraiths
  A ghost moth zombie (Crypt:1)
  A salamander mystic (Zig:5)
  3 flayed ghosts
  A goliath frog (Swamp:1)
  2 golden dragon zombies
  2 shadow demons (Depths:1)
  31 skeletal warriors
  3 swamp dragons
  19 deep trolls
  A spatial maelstrom (Abyss:2)
  7 glowing orange brains
  5 unseen horrors
  2 death drakes (Zig:7)
  A naga ritualist (Zig:5)
  A wizard (Vaults:2)
  2 shadow dragon zombies (Zig:14)
  12 orc knights
  14 deep elf zephyrmancers
  2 goliath frog zombies (Swamp:3)
  13 ironbrand convokers
  6 phantasmal warriors
  32 deep elf pyromancers
  5 harpies (Vaults:3)
  8 bog bodies
  12 deep elf archers
  22 ugly things
  2 oklob plants (Zot:1)
  4 orb spiders
  A mana viper (shapeshifter) (Vaults:5)
  5 orc sorcerers
  A stone giant zombie (Depths:1)
  9 wolf spiders
  A mana viper (Zig:5)
  8 necromancers
  2 shining eyes
  2 will-o-the-wisps
  8 elephants
  6 cyclopes
  17 moths of wrath
  A black mamba (shapeshifter) (Vaults:1)
  2 rust devils
  2 eyes of devastation
  An orange demon (Abyss:2)
  7 vault sentinels
  A stone giant skeleton (Crypt:1)
  4 black mambas
  A hellion (Zig:14)
  9 cane toads
  2 molten gargoyles (Volcano)
  2 gargoyles
  A torpor snail (Zig:9)
  3 smoke demons
  4 efreet
  2 rime drakes
  3 kobold demonologists
  16 yaktaurs
  A red draconian zombie (Crypt:1)
  A tormentor (Zig:14)
  A yaktaur (shapeshifter) (Vaults:4)
  Psyche (D:8)
  3 demonic crawlers
  8 freezing wraiths
  6 trolls
  An ice devil (Depths:5)
  6 komodo dragons
  27 guardian mummies
  2 ancient zymes (Abyss:2)
  7 jumping spiders
  A queen bee (Lair:3)
  3 wind drakes (Zig:7)
  A polar bear (Lair:6)
  A slime creature (shapeshifter) (Vaults:5)
  3 meliai (D:14)
  A red draconian skeleton (Crypt:1)
  Grinder (D:4)
  4 tyrant leeches
  9 hornets
  Prince Ribbit (D:5)
  11 blink frogs
  A human simulacrum (Vaults:2)
  6 raiju (Abyss:2)
  A spectral swamp dragon (Swamp:3)
  An alligator zombie (Swamp:3)
  A hydra skeleton (Crypt:3)
  A dream sheep (Lair:6)
  A deep troll zombie (D:15)
  A raiju (shapeshifter) (Vaults:1)
  4 centaur simulacra (D:14)
  32 slime creatures
  A shadow (D:13)
  A vampire (Crypt:3)
  A ynoxinul (Abyss:2)
  A black mamba zombie (Tomb:2)
  2 large abominations
  An ettin skeleton (Vaults:1)
  36 redbacks
  10 flying skulls
  13 spriggans
  12 tarantellas
  Sigmund (D:3)
  13 wraiths
  A fire elemental (Elf:3)
  4 ushabtiu
  46 yaks
  2 fire bats (Volcano)
  A golden eye (shapeshifter) (Vaults:3)
  3 water elementals
  5 wyverns
  Grum (D:11)
  A tyrant leech zombie (Swamp:3)
  3 basilisks
  2 golden eyes
  2 hogs (Swamp:4)
  8 vampire mosquitoes
  5 wargs
  4 swamp worms
  A soldier ant (shapeshifter) (Vaults:3)
  12 soldier ants (Spider:1)
  4 acid dragons
  17 water moccasins
  A naga (Zig:5)
  2 hell hounds (Zig:14)
  5 swamp drakes (Swamp:4)
  39 orc warriors
  A gelid demonspawn skeleton (Crypt:2)
  3 black bears
  6 ice beasts
  5 eyes of draining
  2 necrophages
  3 sky beasts
  25 ogres
  A snapping turtle zombie (Crypt:1)
  5 boggarts
  34 wolves
  7 centaurs
  5 small abominations
  5 phantoms
  5 kobold brigands
  21 bullfrogs
  An earth elemental (Elf:3)
  A gnoll sergeant (D:7)
  An ogre simulacrum (Vaults:1)
  A wyvern zombie (Crypt:1)
  A wyvern skeleton (D:9)
  A troll zombie (Swamp:3)
  A scorpion (D:7)
  A spriggan zombie (Swamp:3)
  A snapping turtle simulacrum (Crypt:1)
  10 wights
  35 killer bees
  A troll skeleton (Crypt:3)
  2 electric eels
  3 bullfrog zombies
  4 centaur zombies
  14 starcursed masses
  4 lava snakes (Volcano)
  9 hounds
  18 jellies
  2 bullfrog skeletons
  14 orc priests
  2 centaur skeletons
  2 iron imps (Zig:14)
  Terence (D:2)
  28 orc wizards
  3 iguanas
  32 worker ants
  10 human zombies
  A ghoul skeleton (Vaults:5)
  2 hound skeletons
  4 hound zombies
  23 mummies
  Robin (D:2)
  3 worker ant zombies (D:9)
  2 elf zombies
  14 gnolls
  12 adders
  A two-headed ogre zombie (Vaults:5)
  6 shadow imps
  6 white imps
  4 ufetubi
  An adder zombie (D:3)
  A yaktaur zombie (Vaults:5)
  A worm (D:2)
  A dart slug (D:3)
  2 leopard geckos
  66 orcs
  3 ball pythons
  9 bats
  3 giant cockroaches
  20 goblins
  12 hobgoblins
  6 jackals
  27 kobolds
  2 ogre zombies (Vaults:5)
  4 orc zombies
  5 quokkas
  2 frilled lizards
  A hobgoblin zombie (Crypt:3)
  A jackal zombie (D:8)
  A leopard gecko zombie (D:5)
  11 rats
  A lurking horror (Abyss:2)
1959 creatures vanquished.

Vanquished Creatures (collateral kills)
  the Royal Jelly (Slime:5)
  Khufu (Crypt:2)
  A dread lich (Crypt:3)
  An ancient lich (Vaults:5)
  3 royal mummies
  A curse toe (Crypt:3)
  Nikola (Spider:4)
  3 golden dragons
  2 Brimstone Fiends
  A bone dragon (Abyss:2)
  6 tentacled monstrosities
  Asterion (Elf:2)
  A titan (Vaults:5)
  A deep elf master archer (Elf:3)
  5 liches
  2 quicksilver dragons
  2 deep elf blademasters
  An Executioner (Zig:15)
  18 acid blobs
  A death cob (Zot:1)
  8 ancient champions
  5 sphinxes
  3 storm dragons
  2 tengu reavers (Vaults:5)
  Kirke (Swamp:4)
  2 draconian monks
  2 shadow dragons
  5 revenants
  Roxanne (Swamp:3)
  A fenstrider witch (Swamp:2)
  3 frost giants
  3 fire giants
  3 ghost moths (Spider:4)
  4 azure jellies (Slime:5)
  An iron dragon (Vaults:5)
  4 draconian knights
  4 vault wardens
  5 emperor scorpions
  An orc warlord (Zig:11)
  5 draconian scorchers
  3 deep elf elementalists
  10 deep elf sorcerers
  2 draconian shifters (Zot:1)
  A curse skull (Crypt:3)
  3 spriggan defenders (Depths:3)
  4 stone giants
  3 draconian annihilators
  4 ghouls
  5 ironheart preservers
  4 draconian stormcallers
  4 very ugly things
  6 vampire knights
  2 black draconians
  2 bennus (Tomb:1)
  4 deep elf demonologists
  2 bunyips (Swamp:4)
  4 purple draconians
  3 green draconians
  4 white draconians
  3 spark wasps
  11 yellow draconians
  4 ettins
  4 red draconians
  4 entropy weavers
  7 deep elf annihilators
  3 eidola
  4 mummy priests
  6 eleionomae
  7 death oozes (Slime:5)
  4 yaktaur captains
  2 deep elf death magi (Elf:3)
  8 jiangshi
  2 fire dragons
  6 great orbs of eyes
  6 deep elf high priests
  5 boulder beetles
  10 vault guards (Vaults:5)
  2 ice dragons
  A spriggan air mage (Depths:3)
  14 hydras
  A fenstrider witch zombie (Crypt:2)
  4 ghost crabs
  2 ogre magi
  2 centaur warriors (Vaults:2)
  3 alligators
  9 two-headed ogres
  20 dancing weapons
  A death yak (Lair:5)
  A deep troll earth mage (Depths:5)
  2 death knights
  10 death scarabs
  2 storm dragon zombies
  3 vampire magi
  An orc high priest (Zig:11)
  2 thrashing horrors (Abyss:2)
  A hell knight (Depths:1)
  13 deep elf knights
  A soul eater (Crypt:3)
  16 skeletal warriors
  A titan skeleton (Depths:5)
  6 deep trolls
  A death drake (Swamp:3)
  2 goliath frogs (Swamp:1)
  6 flayed ghosts
  A sea snake (shapeshifter) (Depths:4)
  10 swamp dragons
  4 spectral hydras (Swamp:3)
  A glowing orange brain (Depths:2)
  11 bog bodies
  2 spriggan druids
  8 deep elf archers
  A wizard (Vaults:3)
  A shadow dragon zombie (Crypt:1)
  A ghost moth zombie (Crypt:3)
  2 harpies (Vaults:3)
  5 ironbrand convokers
  6 phantasmal warriors
  5 necromancers
  7 orc knights
  13 deep elf pyromancers
  12 deep elf zephyrmancers
  2 frost giant zombies
  2 goliath frog zombies (Swamp:3)
  12 ugly things
  15 orb spiders
  A wolf spider (shapeshifter) (Depths:1)
  3 shining eyes (Slime:5)
  A will-o-the-wisp (Swamp:1)
  3 orc sorcerers
  An iron dragon zombie (Crypt:1)
  A sphinx skeleton (Zig:14)
  6 oklob plants
  16 wolf spiders
  A cyclops (D:13)
  An elephant (shapeshifter) (Vaults:5)
  8 slime creatures
  3 tengu skeletons
  2 elephants (Lair:5)
  8 moths of wrath
  A rust devil (Zig:14)
  A fire giant zombie (Crypt:2)
  4 black mambas
  4 vault sentinels
  A centaur zombie (D:13)
  3 torpor snails
  An eye of devastation (Slime:5)
  6 cane toads
  A cane toad (shapeshifter) (Vaults:4)
  2 minotaur zombies
  5 freezing wraiths (Crypt:1)
  3 rime drakes
  A grey draconian zombie (Crypt:1)
  11 yaktaurs
  22 demonic crawlers
  6 swamp worm zombies (Swamp:3)
  A hellwing (Depths:2)
  5 komodo dragons
  A tormentor (Zig:14)
  A catoblepas skeleton (Crypt:1)
  2 red devils
  10 guardian mummies
  A meliai (shapeshifter) (Vaults:3)
  A bloated husk (Swamp:3)
  A troll (D:14)
  A hydra skeleton (Tomb:1)
  28 jumping spiders
  5 polar bears
  4 tyrant leeches
  18 blink frogs
  2 alligator zombies (Swamp:3)
  7 hornets
  A spectral swamp dragon (Swamp:3)
  A dream sheep (Lair:6)
  An ettin zombie (Tomb:1)
  8 flying skulls
  53 redbacks
  An air elemental (Elf:1)
  21 tarantellas
  7 spriggans
  A tyrant leech zombie (Swamp:3)
  3 ushabtiu
  2 large abominations
  A neqoxec (Abyss:2)
  A basilisk (shapeshifter) (D:13)
  8 yaks
  3 water elementals
  A wyvern (Lair:4)
  6 wraiths
  A chaos spawn (Depths:2)
  3 vampire mosquitoes
  An orc simulacrum (Vaults:1)
  5 golden eyes (Slime:5)
  A steam dragon (Lair:2)
  2 spatial vortices (Abyss:2)
  5 swamp worms
  9 soldier ants (Spider:1)
  4 wargs
  A two-headed ogre zombie (Crypt:3)
  A floating eye (Depths:4)
  6 water moccasins
  6 swamp drakes
  A cane toad skeleton (Crypt:1)
  2 ice beasts
  A manticore zombie (Crypt:3)
  19 orc warriors
  2 black bears (Lair:6)
  10 ogres
  3 eyes of draining
  10 wolves
  A centaur (D:13)
  A human zombie (Vaults:1)
  2 bullfrogs
  A cyclops zombie (Crypt:3)
  A troll zombie (Swamp:3)
  A polar bear zombie (Crypt:2)
  8 killer bees (Lair:3)
  A warg skeleton (Crypt:1)
  A spriggan zombie (Swamp:3)
  3 wights (D:13)
  3 electric eels
  A howler monkey (D:13)
  A howler monkey (shapeshifter) (Vaults:5)
  7 orc priests
  14 jellies (Zot:1)
  A centaur skeleton (Crypt:2)
  12 orc wizards
  2 worker ants
  2 tengu zombies
  A hound zombie (Crypt:2)
  2 redback zombies (Spider:4)
  5 mummies
  4 gnolls (Orc:2)
  A swamp drake zombie (Crypt:3)
  An ufetubus (D:14)
  33 orcs
  A jackal skeleton (Crypt:1)
  2 bushes
  A plant (Depths:5)
  A starspawn tentacle (Abyss:2)
1072 creatures vanquished.

Vanquished Creatures (others)
  5 profane servitors
  6 bone dragons
  A sphinx (Tomb:1)
  A deep elf sorcerer (Elf:3)
  A ghost moth (Zot:4)
  A spectral tentacled monstrosity (Depths:1)
  11 ghouls
  A very ugly thing (Vaults:5)
  6 vampire knights
  A spectral orc (Vaults:5)
  A spectral rakshasa (Tomb:2)
  A white draconian (Depths:5)
  A purple draconian (Depths:5)
  A spectral draconian (Zot:1)
  A deep elf high priest (Elf:3)
  A jiangshi (Crypt:3)
  A spectral human (Slime:5)
  A deep elf knight (Elf:3)
  A goliath frog (Swamp:1)
  11 skeletal warriors
  A spriggan druid (Swamp:2)
  7 flayed ghosts
  13 phantasmal warriors
  An orb spider (Spider:4)
  A deep elf pyromancer (D:12)
  A spectral spriggan (Lair:6)
  A moth of wrath (Zot:2)
  A spectral iron troll (Zig:12)
  A kobold demonologist (Depths:1)
  A demonic crawler (Spider:2)
  A bloated husk (Swamp:1)
  A polar bear (D:14)
  19 vampires
  A tarantella (Spider:3)
  30 flying skulls
  3 wraiths
  A human (Swamp:4)
  A steam dragon (Zig:7)
  A quicksilver dragon zombie (Zot:1)
  4 very ugly thing zombies
  3 titan zombies (Vaults:5)
  4 wolf spider zombies (Spider:1)
  A goliath frog zombie (Swamp:1)
  4 stone giant zombies
  2 golden dragon zombies
  3 wights
  A spectral boggart (Depths:1)
  An iron dragon zombie (Vaults:5)
  4 sphinx zombies
  A bunyip zombie (Swamp:4)
  2 white draconian zombies
  A death yak zombie (Zig:9)
  A fire giant zombie (Vaults:4)
  3 frost giant zombies
  2 tengu zombies
  A shadow dragon zombie (Vaults:5)
  2 draconian zombies
  2 purple draconian zombies
  A harpy zombie (Vaults:3)
  3 swamp worm zombies
  4 ugly thing zombies
  3 boulder beetle zombies
  A catoblepas zombie (Lair:6)
  2 emperor scorpion zombies (Spider:4)
  A fire dragon zombie (Depths:2)
  A black mamba zombie (Lair:6)
  2 eleionoma zombies
  15 human zombies
  8 hydra zombies
  3 ettin zombies
  A yellow draconian zombie (Zot:1)
  4 elf skeletons (Elf:3)
  11 jumping spider zombies
  17 redback zombies
  5 tarantella zombies
  A yellow draconian skeleton (Zot:1)
  A blink frog zombie (Lair:5)
  3 demonic crawler zombies
  2 moth of wrath zombies
  2 cane toad zombies
  4 deep troll zombies (Depths:1)
  3 swamp dragon zombies (Swamp:4)
  3 bog body skeletons (Swamp:4)
  A meliai zombie (D:14)
  2 tyrant leech zombies
  A vampire mosquito zombie (Lair:4)
  A bullfrog zombie (Lair:2)
  28 elf zombies
  3 soldier ant zombies (Spider:1)
  2 wyvern zombies (Lair:4)
  4 elephant zombies
  A ghost crab zombie (Swamp:1)
  2 hog zombies (Swamp:4)
  3 hornet zombies
  3 komodo dragon zombies (Zig:9)
  2 polar bear zombies
  5 spriggan zombies
  8 two-headed ogre zombies
  5 water moccasin zombies
  9 yaktaur zombies
  5 orb spider zombies
  2 rime drake zombies
  3 spriggan skeletons (Depths:3)
  A basilisk zombie (Lair:1)
  11 yak zombies
  2 centaur zombies
  An electric eel zombie (Lair:4)
  5 killer bee zombies (Lair:3)
  2 kobold zombies (D:14)
  11 ogre zombies
  32 orc zombies
  2 swamp drake zombies (Swamp:4)
  7 wolf zombies
  11 worker ant zombies (Spider:1)
  9 foxfires
  87 fungi
  99 plants
  3 starspawn tentacles (Abyss:2)
  7 withered plants
663 creatures vanquished.

Grand Total: 3694 creatures vanquished

Notes
Turn   | Place    | Note
-------+----------+-------------------------------------------
     0 | D:1      | TimeIsEndless the Vine Stalker Fighter began the quest for
                  | the Orb.
     0 | D:1      | Reached XP level 1. HP: 11/11 MP: 2/2
   402 | D:1      | Reached XP level 2. HP: 13/16 MP: 3/3
   924 | D:1      | Reached XP level 3. HP: 20/20 MP: 4/4
  1548 | D:2      | Gained mutation: Your natural rate of healing is unusually
                  | fast. [Vine Stalker growth]
  1548 | D:2      | Reached XP level 4. HP: 23/24 MP: 5/5
  1565 | D:2      | Noticed Robin
  1570 | D:2      | Killed Robin
  1573 | D:2      | Noticed Terence
  1596 | D:2      | Killed Terence
  1929 | D:3      | Reached XP level 5. HP: 28/28 MP: 6/6
  2086 | D:3      | Found a sacrificial altar of Ru.
  2149 | D:3      | Noticed Sigmund
  2164 | D:3      | Killed Sigmund
  2165 | D:3      | Reached XP level 6. HP: 33/33 MP: 7/7
  2486 | D:3      | Found a shadowy altar of Dithmenos.
  2740 | D:3      | Reached XP level 7. HP: 37/37 MP: 8/8
  2955 | D:4      | Noticed Grinder
  2955 | D:4      | Paralysed by Grinder for 3 turns
  2969 | D:4      | Killed Grinder
  2974 | D:4      | Found a staircase to the Ecumenical Temple.
  3001 | Temple   | Entered the Ecumenical Temple
  3392 | D:4      | Found a glowing golden altar of the Shining One.
  3863 | D:5      | Entered Level 5 of the Dungeon
  3912 | D:5      | Found a burning altar of Makhleb.
  4154 | D:5      | Gained mutation: You have razor-sharp teeth. [Vine Stalker
                  | growth]
  4154 | D:5      | Reached XP level 8. HP: 42/42 MP: 9/9
  4223 | D:5      | Found Irhaiw's Distillery.
  4229 | D:5      | Bought a potion of mutation for 88 gold pieces
  4229 | D:5      | Gained mutation: You are frail. (-10% HP) [potion of
                  | mutation]
  4229 | D:5      | Gained mutation: You are weak. (Str -2) [potion of
                  | mutation]
  4229 | D:5      | Gained mutation: You evolve. [potion of mutation]
  4263 | D:5      | Found Ireut's Distillery.
  4267 | D:5      | Noticed Prince Ribbit
  4347 | D:5      | Reached skill level 5 in Shields
  4392 | D:5      | Bought a potion of mutation for 88 gold pieces
  4392 | D:5      | Lost mutation: You are frail. (-10% HP) [potion of
                  | mutation]
  4392 | D:5      | Lost mutation: You are weak. (Str -2) [potion of mutation]
  4392 | D:5      | Gained mutation: Your body sometimes deteriorates upon
                  | taking damage. [potion of mutation]
  4392 | D:5      | Gained mutation: Scrolls take you a little longer to read.
                  | [potion of mutation]
  4392 | D:5      | Gained mutation: You have sharp toenails. [potion of
                  | mutation]
  4408 | D:5      | Found a glowing silver altar of Zin.
  4432 | D:5      | Found Wabynume's Antique Weapon Shoppe.
  4689 | D:5      | Found Amod's Assorted Antiques.
  4752 | D:5      | Gained mutation: You expend magic power (3 MP) to
                  | strengthen your wands. [evolution]
  4769 | D:5      | Killed Prince Ribbit
  4770 | D:5      | Reached skill level 5 in Fighting
  4864 | D:6      | Reached skill level 1 in Stealth
  4999 | D:6      | Reached skill level 5 in Long Blades
  5014 | D:6      | Reached skill level 1 in Evocations
  5020 | D:6      | Reached skill level 5 in Armour
  5103 | D:6      | Found a broken altar of Ashenzari.
  5168 | D:6      | Reached XP level 9. HP: 35/47 MP: 7/10
  5495 | D:6      | Found a shimmering altar of Xom.
  5585 | D:7      | Found Rairukok's Antique Armour Emporium.
  5632 | D:7      | Found Nisiugef's Weapon Boutique.
  5665 | D:7      | Bought a +0 vorpal long sword for 93 gold pieces
  5813 | D:7      | Noticed a cyclops
  5823 | D:7      | Killed a cyclops
  6107 | D:7      | Reached XP level 10. HP: 49/53 MP: 11/11
  6301 | D:7      | Reached skill level 5 in Stealth
  6627 | D:8      | Lost mutation: Your body sometimes deteriorates upon taking
                  | damage. [evolution]
  6869 | D:8      | Noticed Psyche
  6880 | D:8      | Killed Psyche
  7001 | D:9      | Found a basalt altar of Yredelemnul.
  7001 | D:9      | Found an opulent altar of Gozag.
  7010 | D:9      | Became a worshipper of Yredelemnul the Dark
  7414 | D:9      | Noticed Erolcha
  7422 | D:9      | Noticed Maurice
  7478 | D:9      | Killed Erolcha
  7516 | D:9      | Noticed Maurice
  7516 | D:9      | Maurice changed into Maurice the sky beast
  7532 | D:9      | Killed Maurice the sky beast
  7533 | D:9      | Reached XP level 11. HP: 39/58 MP: 12/12
  7705 | D:9      | Reached * piety under Yredelemnul
  7750 | D:9      | Reached skill level 5 in Evocations
  8086 | D:9      | Found a snail-covered altar of Cheibriados.
  8111 | D:10     | Entered Level 10 of the Dungeon
  8111 | D:10     | Found a sacrificial altar of Ru.
  8224 | D:10     | Killed an unseen horror
  8225 | D:10     | Reached skill level 1 in Invocations
  8301 | D:10     | Found Urerurr's Jewellery Boutique.
  8458 | D:10     | Killed an unseen horror
  8479 | D:10     | Reached ** piety under Yredelemnul
  8504 | D:10     | Found a staircase to the Lair.
  8733 | D:10     | Found a shimmering altar of Xom.
  8917 | D:10     | Noticed a two-headed ogre
  8922 | D:10     | Killed a two-headed ogre
  9097 | D:11     | Found a staircase to the Orcish Mines.
  9110 | D:11     | Found a flagged portal.
  9121 | Bailey   | Entered a bailey
  9224 | Bailey   | Found an iron altar of Okawaru.
  9258 | D:11     | Reached *** piety under Yredelemnul
  9341 | D:11     | Noticed a centaur warrior
  9344 | D:11     | Killed a centaur warrior
  9345 | D:11     | Reached XP level 12. HP: 64/64 MP: 14/16
  9367 | D:11     | Noticed a two-headed ogre
  9374 | D:11     | Killed a two-headed ogre
  9519 | D:11     | Noticed Grum
  9548 | D:11     | Killed Grum
  9741 | D:11     | You fall into a shaft and drop 1 floor!
  9885 | Orc:1    | Entered Level 1 of the Orcish Mines
  9962 | D:12     | Reached skill level 5 in Invocations
 10112 | D:12     | Noticed an eight-headed hydra
 10126 | D:12     | Killed a ten-headed hydra
 10396 | D:12     | Noticed Frances
 10412 | D:12     | Noticed a soul eater
 10413 | D:12     | Killed Frances
 10586 | D:12     | Reached **** piety under Yredelemnul
 10598 | D:12     | Reached skill level 10 in Stealth
 10668 | D:12     | Noticed a five-headed hydra
 10685 | D:12     | Killed a ten-headed hydra
 11069 | Lair:1   | Entered Level 1 of the Lair of Beasts
 11099 | Lair:1   | Received a gift from Yredelemnul (3 flying skulls)
 11102 | Lair:1   | Reached XP level 13. HP: 69/69 MP: 18/18
 11309 | Lair:1   | Received a gift from Yredelemnul (a wight)
 11665 | Lair:1   | Received a gift from Yredelemnul (a wraith)
 11973 | Lair:1   | Gained mutation: You are robust. (+10% HP) [evolution]
 12728 | D:7      | Bought a brightly glowing plate armour for 896 gold pieces
 12728 | D:7      | Identified the +0 plate armour of the Farrier {Rampage
                  | Dex+9} (You bought it in a shop on level 7 of the Dungeon)
 13451 | Lair:3   | Reached ***** piety under Yredelemnul
 13495 | Lair:3   | Received a gift from Yredelemnul (5 flying skulls)
 13775 | Lair:3   | Gained mutation: Your muscles are strong. (Str +2)
                  | [evolution]
 14091 | Lair:3   | Received a gift from Yredelemnul (a wight)
 14440 | Lair:4   | Identified the +0 trident "Meituha" {drain, +Blink rF+ rN++
                  | Int-2}
 14566 | Lair:4   | Found a hole to the Spider Nest.
 14826 | Lair:4   | Found a staircase to the Swamp.
 14829 | Lair:4   | Received a gift from Yredelemnul (a wight)
 15249 | Lair:5   | Reached XP level 14. HP: 64/82 MP: 16/21
 15267 | Lair:4   | Received a gift from Yredelemnul (a wraith)
 15408 | Lair:5   | Found a shimmering blue altar of Sif Muna.
 15444 | Lair:5   | Found a staircase to the Slime Pits.
 15530 | Lair:5   | Received a gift from Yredelemnul (4 flying skulls)
 15875 | Lair:5   | Identified a scroll of acquirement
 15875 | Lair:5   | Acquired 972 gold pieces
 16018 | D:10     | Bought the amulet of Vitality {Regen+ HP+15} for 948 gold
                  | pieces
 16018 | D:10     | Found the amulet of Vitality {Regen+ HP+15}
 16577 | Lair:6   | Entered Level 6 of the Lair of Beasts
 16717 | Lair:6   | Received a gift from Yredelemnul (4 flying skulls)
 16727 | Lair:6   | Reached skill level 15 in Stealth
 16982 | Lair:6   | Paralysed by a hornet for 3 turns
 17225 | Lair:6   | Received a gift from Yredelemnul (4 flying skulls)
 17296 | Lair:6   | Acquired a +4 demon blade of draining
 17319 | Lair:6   | Received a gift from Yredelemnul (5 flying skulls)
 17333 | Lair:6   | Lost mutation: Scrolls take you a little longer to read.
                  | [evolution]
 18108 | Orc:1    | Received a gift from Yredelemnul (5 flying skulls)
 18243 | Orc:2    | Entered Level 2 of the Orcish Mines
 18243 | Orc:2    | Found Qag Fozat's Magic Scroll Emporium.
 18250 | Orc:2    | Found a flickering gateway to a bazaar.
 18260 | Bazaar   | Entered a bazaar
 18273 | Bazaar   | Found Buasmyn's Assorted Antiques.
 18281 | Bazaar   | Bought an ebony scimitar for 261 gold pieces
 18281 | Bazaar   | Identified the +2 scimitar of Doom {holy, MP+9 Str+7} (You
                  | bought it in a shop in a bazaar)
 18325 | Bazaar   | Found Muzeuqurph's Magic Scroll Shoppe.
 18333 | Bazaar   | Bought a scroll of brand weapon for 240 gold pieces
 18370 | Bazaar   | Found Gipri's Book Shoppe.
 18422 | Orc:2    | Received a gift from Yredelemnul (a skeletal warrior)
 18440 | Orc:2    | Found a dark tunnel.
 18446 | Volcano  | Entered a volcano
 18861 | Volcano  | Found a radiant altar of Vehumet.
 18867 | Volcano  | Received a gift from Yredelemnul (a wraith)
 18885 | Volcano  | Reached skill level 10 in Invocations
 18885 | Volcano  | Reached XP level 15. HP: 88/88 MP: 19/23
 19349 | Orc:2    | Found a staircase to the Elven Halls.
 19360 | Orc:2    | Received a gift from Yredelemnul (a ghoul)
 19466 | Orc:2    | Found Muwkuf's Antique Armour Boutique.
 19466 | Orc:2    | Found Kaeqen's Book Boutique.
 19488 | Orc:2    | Received a gift from Yredelemnul (a vampire)
 19573 | Orc:2    | Received a gift from Yredelemnul (a skeletal warrior)
 19574 | Orc:2    | Reached skill level 10 in Fighting
 19584 | Orc:2    | Found Lumarane's Book Shoppe.
 19611 | Orc:2    | Found Vecigrax's Book Shoppe.
 19703 | Orc:2    | Found Okhopuv's Armour Boutique.
 20053 | Swamp:1  | Entered Level 1 of the Swamp
 20065 | Swamp:1  | Reached skill level 10 in Long Blades
 20102 | Swamp:1  | Reached skill level 10 in Shields
 20145 | Swamp:1  | Received a gift from Yredelemnul (a flayed ghost)
 20439 | Swamp:1  | Identified the Handbook of Ghastly Lightness
 20701 | Swamp:2  | Noticed Louise
 20709 | Swamp:2  | Killed Louise
 20709 | Swamp:2  | Enslaved Louise
 21081 | Swamp:3  | Noticed a fenstrider witch
 21113 | Swamp:2  | Killed a fenstrider witch
 21378 | Swamp:3  | Received a gift from Yredelemnul (a profane servitor)
 21618 | Swamp:3  | Gained mutation: You are agile. (Dex +2) [evolution]
 21702 | Swamp:3  | Noticed a ghoul
 21703 | Swamp:3  | Noticed Roxanne
 21704 | Swamp:3  | Noticed a ghoul
 21708 | Swamp:3  | Noticed Donald
 21713 | Swamp:3  | Killed a ghoul
 21713 | Swamp:3  | Reached ****** piety under Yredelemnul
 21714 | Swamp:3  | Reached XP level 16. HP: 94/94 MP: 25/25
 21731 | Swamp:3  | Killed Roxanne
 21734 | Swamp:3  | Killed Donald
 22010 | Swamp:3  | Received a gift from Yredelemnul (a flayed ghost)
 22139 | Swamp:3  | Received a gift from Yredelemnul (a phantasmal warrior)
 22185 | Swamp:3  | Identified the ring of Devotion {rN+ Str-5 Int+7 SInv
                  | Stlth-}
 22516 | Swamp:4  | Entered Level 4 of the Swamp
 22562 | Swamp:4  | Noticed Kirke
 22569 | Swamp:4  | Received a gift from Yredelemnul (a skeletal warrior)
 22573 | Swamp:4  | Killed Kirke
 22667 | Swamp:4  | Reached skill level 10 in Armour
 22716 | Swamp:4  | Received a gift from Yredelemnul (a profane servitor)
 22725 | Swamp:4  | Got a decaying rune of Zot
 22862 | Swamp:4  | Received a gift from Yredelemnul (a skeletal warrior)
 23167 | Spider:1 | Entered Level 1 of the Spider Nest
 23210 | Spider:1 | Received a gift from Yredelemnul (a bone dragon)
 23220 | Spider:1 | Reached XP level 17. HP: 87/100 MP: 24/26
 23264 | Spider:1 | Received a gift from Yredelemnul (a flayed ghost)
 23278 | Spider:1 | Received a gift from Yredelemnul (a skeletal warrior)
 23295 | Spider:1 | Received a gift from Yredelemnul (a ghoul)
 23528 | Spider:1 | You fall into a shaft and drop 1 floor!
 24009 | Spider:2 | Reached skill level 10 in Evocations
 24187 | Spider:2 | Received a gift from Yredelemnul (a ghoul)
 25059 | Spider:3 | Gained mutation: Scrolls take you a little longer to read.
                  | [evolution]
 25080 | Spider:4 | Entered Level 4 of the Spider Nest
 25083 | Spider:4 | Received a gift from Yredelemnul (a ghoul)
 25278 | Spider:4 | Received a gift from Yredelemnul (a vampire knight)
 25535 | Spider:4 | Received a gift from Yredelemnul (a vampire)
 25640 | Spider:4 | Got a gossamer rune of Zot
 25731 | Spider:4 | Noticed Nikola
 25743 | Spider:4 | Killed Nikola
 25744 | Spider:4 | Reached XP level 18. HP: 105/105 MP: 20/28
 26197 | Slime:1  | Entered Level 1 of the Pits of Slime
 26204 | Slime:2  | Found a viscous altar of Jiyva.
 26367 | Slime:5  | Entered Level 5 of the Pits of Slime
 26384 | Slime:5  | Received a gift from Yredelemnul (a ghoul)
 26401 | Slime:5  | Found a viscous altar of Jiyva.
 26401 | Slime:5  | Noticed the Royal Jelly
 26415 | Slime:5  | Your ally Louise died
 26433 | Slime:5  | Killed the Royal Jelly
 26434 | Slime:5  | Received a gift from Yredelemnul (a vampire)
 26437 | Slime:5  | Gained mutation: Armour fits poorly on your strangely
                  | shaped body. [a shining eye]
 26510 | Slime:5  | Found the +6 arbalest "Damnation" {damnation}
 26513 | Slime:5  | Identified the ring "Awellihy" {Fire Will+ Int+2}
 26519 | Slime:5  | Identified the +1 storm dragon scales of Humpacuk {rElec
                  | Str-4 Int+3 Dex+6}
 26530 | Slime:5  | Identified the +0 robe of the Candlemaker {*Drain Str+5}
 26583 | Slime:5  | Identified the ring of Hep Qeh {rC+ Dex+3}
 26640 | Slime:5  | Got a slimy rune of Zot
 26657 | Slime:5  | Identified the +0 robe "Lalaqum" {Int+2}
 27010 | Elf:1    | Entered Level 1 of the Elven Halls
 27156 | Elf:1    | Received a gift from Yredelemnul (a skeletal warrior)
 27437 | Elf:1    | Received a gift from Yredelemnul (a flayed ghost)
 27902 | Elf:1    | Gained mutation: You are covered in fur. (AC +1)
                  | [evolution]
 27902 | Elf:1    | Lost mutation: You evolve. [end of evolution]
 28099 | Elf:2    | Received a gift from Yredelemnul (a bone dragon)
 28121 | Elf:2    | Noticed Saint Roka
 28139 | Elf:2    | Killed Saint Roka
 28139 | Elf:2    | Enslaved Saint Roka
 28243 | Elf:2    | Received a gift from Yredelemnul (a ghoul)
 28287 | Elf:2    | Reached XP level 19. HP: 112/112 MP: 27/29
 28570 | Elf:2    | Received a gift from Yredelemnul (a vampire)
 28573 | Elf:2    | Found a huge runed translucent gate.
 28573 | Elf:2    | Found a huge runed translucent gate.
 28573 | Elf:2    | Found a huge runed translucent gate.
 28573 | Elf:2    | Found a huge runed translucent gate.
 28576 | Elf:2    | Found a huge runed translucent gate.
 28603 | Elf:2    | Noticed Asterion
 28618 | Elf:2    | Killed Asterion
 29716 | Elf:3    | Entered Level 3 of the Elven Halls
 29802 | Elf:3    | Received a gift from Yredelemnul (a vampire)
 29802 | Elf:3    | Reached skill level 1 in Dodging
 29844 | Elf:3    | Received a gift from Yredelemnul (a ghoul)
 30248 | Elf:3    | Identified the +9 falchion "Idoast" {holy, Dex+2}
 30249 | Elf:3    | Identified the +5 great mace of No Interval {flame, rElec
                  | rPois Int+5 Dex-2}
 30517 | Elf:3    | Received a gift from Yredelemnul (a vampire)
 30524 | Elf:3    | Noticed a Brimstone Fiend
 30527 | Elf:3    | Noticed a Tzitzimitl
 30565 | Elf:3    | Identified the +10 plate armour of Asceticism {+Blink rElec
                  | rN+++ Int-5}
 30720 | Elf:3    | Found the +2 ratskin cloak {*Rats rPois rN+ Str-1 Int-1
                  | Dex+1}
 30733 | Elf:3    | Identified the +2 helmet of Stoicism {Harm rElec Dex+7}
 30757 | Elf:3    | Identified the +2 pair of boots of the Blessed Realm {rPois
                  | rC+ Dex+4}
 30769 | Elf:3    | Identified Addur's Reference Book on Congealing Fire
 31254 | D:13     | Received a gift from Yredelemnul (a ghoul)
 31498 | D:13     | Received a gift from Yredelemnul (a skeletal warrior)
 31647 | D:13     | Found a gate to the Vaults.
 31668 | D:13     | Reached XP level 20. HP: 117/117 MP: 31/31
 31942 | D:13     | Found Eczeoleu's Jewellery Shoppe.
 32096 | Vaults:1 | Entered Level 1 of the Vaults
 32259 | Vaults:1 | Received a gift from Yredelemnul (a vampire knight)
 32503 | Vaults:1 | Received a gift from Yredelemnul (a vampire)
 33103 | Vaults:1 | Found Uphirhaer's General Store.
 33163 | Vaults:1 | Found an ancient bone altar of Kikubaaqudgha.
 33398 | Vaults:1 | Found a portal to a secret trove of treasure.
 33473 | Vaults:2 | You fall into a shaft and drop 2 floors!
 33473 | Vaults:4 | Found Naczatusm's Antique Armour Emporium.
 33489 | Vaults:4 | Bought a runed cloak for 255 gold pieces
 33531 | Vaults:4 | Received a gift from Yredelemnul (a ghoul)
 33585 | Vaults:4 | Reached skill level 15 in Long Blades
 33660 | Vaults:4 | Received a gift from Yredelemnul (a phantasmal warrior)
 33857 | Vaults:4 | Received a gift from Yredelemnul (a flayed ghost)
 34084 | Vaults:4 | Reached XP level 21. HP: 94/123 MP: 33/33
 34735 | Vaults:3 | Reached skill level 15 in Invocations
 34884 | Vaults:3 | Received a gift from Yredelemnul (a phantasmal warrior)
 35045 | Vaults:3 | Reached skill level 5 in Dodging
 35085 | Vaults:3 | Found Rum Ozun's Antique Weapon Shop.
 36028 | Vaults:4 | Received a gift from Yredelemnul (a skeletal warrior)
 36405 | Vaults:5 | Entered Level 5 of the Vaults
 36405 | Vaults:5 | Noticed a golden dragon
 36417 | Vaults:5 | Your ally Saint Roka died
 36438 | Vaults:5 | Received a gift from Yredelemnul (a vampire)
 36443 | Vaults:5 | Killed a golden dragon
 36452 | Vaults:5 | Reached XP level 22. HP: 130/130 MP: 31/34
 36491 | Vaults:5 | Received a gift from Yredelemnul (a flayed ghost)
 36853 | Vaults:5 | Received a gift from Yredelemnul (a flayed ghost)
 36925 | Vaults:5 | Noticed an ancient lich
 36934 | Vaults:5 | Killed an ancient lich
 37004 | Vaults:5 | Identified the Almanac of Creative Poisoning
 37225 | Vaults:5 | Noticed an ancient lich
 37231 | Vaults:5 | Received a gift from Yredelemnul (a phantasmal warrior)
 37241 | Vaults:5 | Killed an ancient lich
 37300 | Vaults:5 | Identified the +3 fustibalus of the Extremes {freeze, rElec
                  | Dex+3}
 37318 | Vaults:5 | Found Powel's Antique Weapon Shoppe.
 37539 | Vaults:5 | Noticed Mara
 37544 | Vaults:5 | Noticed TimeIsEndless's illusion
 37556 | Vaults:5 | Killed Mara
 37556 | Vaults:5 | Enslaved Mara
 37559 | Vaults:5 | Identified the +0 pair of boots of the Alphagorgon {rC- rN+
                  | SInv}
 37562 | Vaults:5 | Got a silver rune of Zot
 37563 | Vaults:5 | Identified the ring "Maink" {+Fly rF++ rC+ Dex-4}
 37616 | Vaults:5 | Noticed a golden dragon
 37625 | Vaults:5 | Killed a golden dragon
 37625 | Vaults:5 | Received a gift from Yredelemnul (a phantasmal warrior)
 37655 | Vaults:5 | Noticed Frederick
 37663 | Vaults:5 | Killed Frederick
 37810 | Vaults:5 | Noticed a golden dragon
 37818 | Vaults:5 | Received a gift from Yredelemnul (a vampire)
 37819 | Vaults:5 | Killed a golden dragon
 37824 | Vaults:5 | Noticed a dread lich
 37838 | Vaults:5 | Killed a dread lich
 37839 | Vaults:5 | Reached XP level 23. HP: 125/136 MP: 36/36
 37887 | Vaults:5 | Found Hapoyt's Magic Scroll Shop.
 37891 | Vaults:5 | Bought a scroll of enchant armour for 82 gold pieces
 37927 | Vaults:5 | Found Vireir's Distillery.
 37934 | Vaults:5 | Bought a potion of mutation for 88 gold pieces
 37934 | Vaults:5 | Bought 2 potions of mutation for 176 gold pieces
 37934 | Vaults:5 | Lost mutation: Armour fits poorly on your strangely shaped
                  | body. [potion of mutation]
 37934 | Vaults:5 | Lost mutation: Scrolls take you a little longer to read.
                  | [potion of mutation]
 37934 | Vaults:5 | Lost mutation: You are robust. (+10% HP) [potion of
                  | mutation]
 37934 | Vaults:5 | Lost mutation: You are agile. (Dex +2) [potion of mutation]
 37934 | Vaults:5 | Lost mutation: You are covered in fur. (AC +1) [potion of
                  | mutation]
 37934 | Vaults:5 | Gained mutation: You can translocate small distances at
                  | will. [potion of mutation]
 38135 | Vaults:5 | Identified the ring "Mioxteig" {+Blink SInv}
 38470 | Vaults:2 | Received a gift from Yredelemnul (a vampire knight)
 39161 | Vaults:2 | Found a staircase to the Crypt.
 39198 | Crypt:1  | Entered Level 1 of the Crypt
 39286 | Crypt:1  | Identified the amulet "Sois Luik" {rN++ Regen+ Int+6
                  | Stlth+}
 39405 | Crypt:1  | Received a gift from Yredelemnul (a phantasmal warrior)
 39567 | Crypt:1  | Received a gift from Yredelemnul (a profane servitor)
 39722 | Crypt:1  | Found a runed translucent door.
 39723 | Crypt:1  | Noticed an ancient lich
 39737 | Crypt:1  | Killed an ancient lich
 39776 | Crypt:1  | Noticed Aizul
 39787 | Crypt:1  | Killed Aizul
 39816 | Crypt:1  | Received a gift from Yredelemnul (a vampire)
 40247 | Crypt:2  | Noticed a royal mummy
 40249 | Crypt:2  | Noticed a royal mummy
 40250 | Crypt:2  | Noticed Khufu
 40257 | Crypt:2  | Killed a royal mummy
 40275 | Crypt:2  | Killed Khufu
 40332 | Crypt:2  | Killed a royal mummy
 40642 | Crypt:2  | Received a gift from Yredelemnul (a profane servitor)
 40721 | Crypt:2  | Reached XP level 24. HP: 130/130 MP: 36/36
 41182 | Crypt:3  | Entered Level 3 of the Crypt
 41204 | Crypt:3  | Received a gift from Yredelemnul (a ghoul)
 41418 | Crypt:3  | Received a gift from Yredelemnul (a ghoul)
 41566 | Crypt:3  | Received a gift from Yredelemnul (a phantasmal warrior)
 41575 | Crypt:3  | Reached skill level 15 in Shields
 41675 | Crypt:3  | Noticed a curse toe
 41686 | Crypt:3  | Killed a curse toe
 41835 | Crypt:3  | Noticed a dread lich
 41836 | Crypt:3  | Identified the amulet "Wecierup" {*Contam rElec rPois rC+
                  | Regen+}
 41836 | Crypt:3  | Identified the amulet "Buetah" {rC+ rN+ Regen+}
 41836 | Crypt:3  | Identified the ring of Plog {rElec rF- rN+ Will+ Str+5}
 41845 | Crypt:3  | Killed a dread lich
 41846 | Crypt:3  | Reached skill level 15 in Fighting
 42049 | Crypt:3  | Received a gift from Yredelemnul (a flayed ghost)
 42061 | Crypt:3  | Found a staircase to the Tomb.
 42378 | Tomb:1   | Entered Level 1 of the Tomb of the Ancients
 42569 | Tomb:1   | Noticed a royal mummy
 42575 | Tomb:1   | Noticed a royal mummy
 42582 | Tomb:1   | Killed a royal mummy
 42590 | Tomb:1   | Killed a royal mummy
 42770 | Tomb:1   | Received a gift from Yredelemnul (a bone dragon)
 42893 | Tomb:1   | Noticed Boris
 42902 | Tomb:1   | Killed Boris
 43003 | Tomb:1   | Received a gift from Yredelemnul (a vampire)
 43257 | Tomb:2   | Noticed a royal mummy
 43258 | Tomb:2   | Noticed a royal mummy
 43258 | Tomb:2   | Noticed a royal mummy
 43261 | Tomb:2   | Your ally Mara died
 43261 | Tomb:2   | Noticed a royal mummy
 43262 | Tomb:2   | Noticed a royal mummy
 43604 | Tomb:3   | Entered Level 3 of the Tomb of the Ancients
 43626 | Tomb:3   | Noticed a royal mummy
 43628 | Tomb:3   | Noticed a royal mummy
 43649 | Tomb:3   | Reached XP level 25. HP: 44/136 MP: 30/36
 43669 | Tomb:3   | Noticed a royal mummy
 43689 | Tomb:3   | Noticed a royal mummy
 43697 | Tomb:3   | Gained mutation: You are dopey. (Int -2) [mutagenic glow]
 43709 | Tomb:3   | Gained mutation: You are frail. (-10% HP) [mutagenic glow]
 43712 | Tomb:3   | Noticed a royal mummy
 43726 | Tomb:2   | Lost mutation: Your muscles are strong. (Str +2) [mutagenic
                  | glow]
 43744 | Tomb:2   | Lost mutation: You can translocate small distances at will.
                  | [potion of mutation]
 43744 | Tomb:2   | Lost mutation: You expend magic power (3 MP) to strengthen
                  | your wands. [potion of mutation]
 43744 | Tomb:2   | Lost mutation: You are dopey. (Int -2) [potion of mutation]
 43744 | Tomb:2   | Gained mutation: Your body sometimes deteriorates upon
                  | taking damage. [potion of mutation]
 43744 | Tomb:2   | Gained mutation: You are agile. (Dex +2) [potion of
                  | mutation]
 43745 | Tomb:2   | Lost mutation: You are agile. (Dex +2) [potion of mutation]
 43745 | Tomb:2   | Lost mutation: You have sharp toenails. [potion of
                  | mutation]
 43745 | Tomb:2   | Lost mutation: You are frail. (-10% HP) [potion of
                  | mutation]
 43745 | Tomb:2   | Gained mutation: You are partially covered in molten
                  | scales. (AC +2) [potion of mutation]
 43745 | Tomb:2   | Gained mutation: You have a pair of small horns on your
                  | head. [potion of mutation]
 43745 | Tomb:2   | Gained mutation: Scrolls take you a little longer to read.
                  | [potion of mutation]
 43745 | Tomb:2   | Gained mutation: You are partially covered in large bone
                  | plates. (SH +4) [potion of mutation]
 43747 | Tomb:2   | Lost mutation: Scrolls take you a little longer to read.
                  | [potion of mutation]
 43747 | Tomb:2   | Lost mutation: Your body sometimes deteriorates upon taking
                  | damage. [potion of mutation]
 43747 | Tomb:2   | Lost mutation: You have a pair of small horns on your head.
                  | [potion of mutation]
 43747 | Tomb:2   | Gained mutation: You have a pair of small antennae on your
                  | head. [potion of mutation]
 43747 | Tomb:2   | Gained mutation: You are weak. (Str -2) [potion of
                  | mutation]
 43747 | Tomb:2   | Gained mutation: Your flesh is cold resistant. (rC+)
                  | [potion of mutation]
 43757 | Tomb:2   | Gained mutation: Armour fits poorly on your strangely
                  | shaped body. [mutagenic glow]
 43781 | Tomb:2   | Gained mutation: You are clumsy. (Dex -2) [mutagenic glow]
 43791 | Tomb:2   | Gained mutation: You are dopey. (Int -2) [mutagenic glow]
 43907 | Tomb:1   | Noticed a royal mummy
 43919 | Tomb:1   | Killed a royal mummy
 43997 | Tomb:1   | Noticed a royal mummy
 44014 | Tomb:1   | Killed a royal mummy
 44037 | Tomb:1   | Noticed a royal mummy
 44038 | Tomb:1   | Noticed a royal mummy
 44054 | Tomb:1   | Killed a royal mummy
 44067 | Tomb:1   | Killed a royal mummy
 44068 | Tomb:1   | Reached skill level 10 in Dodging
 44154 | Tomb:1   | Noticed a royal mummy
 44160 | Tomb:1   | Noticed a royal mummy
 44168 | Tomb:1   | Killed a royal mummy
 44202 | Tomb:1   | Killed a royal mummy
 44249 | Tomb:1   | Noticed a royal mummy
 44263 | Tomb:1   | Killed a royal mummy
 44277 | Tomb:1   | Noticed a royal mummy
 44296 | Tomb:1   | Killed a royal mummy
 44296 | Tomb:1   | Received a gift from Yredelemnul (a skeletal warrior)
 44317 | Tomb:1   | Noticed a royal mummy
 44332 | Tomb:1   | Noticed a royal mummy
 44333 | Tomb:1   | Noticed a royal mummy
 45477 | D:14     | Reached skill level 15 in Evocations
 45544 | D:14     | Found a basalt altar of Yredelemnul.
 45573 | D:14     | Received a gift from Yredelemnul (a skeletal warrior)
 45676 | D:14     | Found an opulent altar of Gozag.
 45869 | D:14     | Received a gift from Yredelemnul (a phantasmal warrior)
 46229 | D:15     | Entered Level 15 of the Dungeon
 46229 | D:15     | Found Hecui's Armour Shoppe.
 46292 | D:15     | Received a gift from Yredelemnul (a bone dragon)
 46295 | D:15     | Found a staircase to the Depths.
 46430 | D:15     | Found Xyewi's Antique Weapon Shoppe.
 46950 | Depths:1 | Entered Level 1 of the Depths
 47009 | Depths:1 | Received a gift from Yredelemnul (a vampire)
 47072 | Depths:1 | Found a shimmering blue altar of Sif Muna.
 47168 | Depths:1 | Identified the amulet of Goqimon {RegenMP rC- rN+ Str+2}
 47406 | Depths:1 | Received a gift from Yredelemnul (a phantasmal warrior)
 47438 | Depths:1 | Received a gift from Yredelemnul (a vampire knight)
 47486 | Depths:1 | Identified the +1 plate armour "Guwi" {rCorr}
 47504 | Depths:1 | Found a gateway to Hell.
 47677 | Depths:1 | Reached XP level 26. HP: 142/142 MP: 36/37
 47752 | Depths:1 | Received a gift from Yredelemnul (a vampire)
 47815 | Depths:1 | Lost intelligence.
 47828 | Depths:1 | Reached skill level 15 in Armour
 47887 | Depths:1 | Identified the +6 shortbow "Imybaass" {vorpal, rF+ Str+5
                  | Dex-3}
 47900 | Depths:1 | Identified the +7 trident of Nikit {elec, Str+5}
 48191 | Depths:2 | Received a gift from Yredelemnul (a phantasmal warrior)
 48253 | Depths:2 | Identified the Disquisition on Hurtful Stones
 48398 | Depths:2 | Received a gift from Yredelemnul (a phantasmal warrior)
 48609 | Depths:2 | Found a one-way gate leading to the halls of Pandemonium.
 49101 | Depths:3 | Received a gift from Yredelemnul (a vampire)
 49141 | Depths:3 | Found a corrupted altar of Lugonu.
 49142 | Depths:3 | Noticed the Enchantress
 49174 | Depths:3 | Cast into level 2 of the Abyss (the Enchantress)
 49329 | Abyss:2  | Received a gift from Yredelemnul (a vampire)
 49588 | Abyss:2  | Received a gift from Yredelemnul (a ghoul)
 49733 | Depths:3 | Escaped the Abyss
 49738 | Depths:3 | Received a gift from Yredelemnul (a vampire)
 49748 | Depths:3 | Killed the Enchantress
 49748 | Depths:3 | Enslaved the Enchantress
 50066 | Depths:3 | Noticed a royal mummy
 50079 | Depths:3 | Killed a royal mummy
 50089 | Depths:3 | Received a gift from Yredelemnul (a vampire knight)
 50195 | Depths:3 | Identified the amulet "Heabbilu" {rPois rN+ Will+ Regen+
                  | Int-2}
 50594 | Depths:4 | Paralysed by a floating eye for 4 turns
 50610 | Depths:4 | Received a gift from Yredelemnul (a phantasmal warrior)
 50625 | Depths:4 | Reached XP level 27. HP: 104/149 MP: 37/37
 50722 | Depths:4 | Identified the +11 hand axe "Emoah" {vorpal, Int+2}
 50929 | Depths:4 | You fall into a shaft and drop 1 floor!
 50929 | Depths:5 | Entered Level 5 of the Depths
 50958 | Depths:5 | Received a gift from Yredelemnul (a profane servitor)
 51149 | Depths:5 | Found a gateway to a ziggurat.
 51165 | Depths:5 | Received a gift from Yredelemnul (a bone dragon)
 51170 | Zig:1    | Entered Level 1 of a ziggurat
 51195 | Zig:2    | Entered Level 2 of a ziggurat
 51236 | Zig:3    | Entered Level 3 of a ziggurat
 51283 | Zig:4    | Entered Level 4 of a ziggurat
 51301 | Zig:4    | Received a gift from Yredelemnul (a vampire knight)
 51336 | Zig:5    | Entered Level 5 of a ziggurat
 51366 | Zig:5    | Identified the +7 fustibalus of Watchfulness {venom, +Blink
                  | Str+2 Int+2}
 51380 | Zig:5    | Lost mutation: You are clumsy. (Dex -2) [potion of
                  | mutation]
 51380 | Zig:5    | Lost mutation: Armour fits poorly on your strangely shaped
                  | body. [potion of mutation]
 51380 | Zig:5    | Lost mutation: Your flesh is cold resistant. (rC+) [potion
                  | of mutation]
 51380 | Zig:5    | Lost mutation: You are partially covered in large bone
                  | plates. (SH +4) [potion of mutation]
 51380 | Zig:5    | Gained mutation: You are somewhat resistant to further
                  | mutation. [potion of mutation]
 51489 | Zig:6    | Entered Level 6 of a ziggurat
 51502 | Zig:6    | Received a gift from Yredelemnul (a phantasmal warrior)
 51587 | Zig:6    | Identified the Almanac of Fire and Intoxication
 51592 | Zig:6    | Identified the +6 hand axe of the First Hells {distort,
                  | Int+2}
 51603 | Zig:7    | Entered Level 7 of a ziggurat
 51677 | Zig:8    | Entered Level 8 of a ziggurat
 51685 | Zig:8    | Noticed a juggernaut
 51687 | Zig:8    | Noticed a juggernaut
 51706 | Zig:8    | Killed a juggernaut
 51706 | Zig:8    | Enslaved a juggernaut
 51710 | Zig:8    | Killed a juggernaut
 51729 | Zig:8    | Received a gift from Yredelemnul (a vampire)
 51799 | Zig:8    | Identified the +1 robe of the Depths {+Blink rPois Regen+
                  | Int-5}
 51803 | Zig:8    | Identified the +6 scale mail of Peek-a-Boo {rN+ Str+6}
 51805 | Zig:8    | Identified the +10 glaive of Enen Yti {freeze, Str+2 Dex+3
                  | SInv}
 51812 | Zig:9    | Entered Level 9 of a ziggurat
 51823 | Zig:9    | Found the +1 cloak of Starlight {*Dazzle EV+4 Stlth--}
 51883 | Zig:9    | Received a gift from Yredelemnul (a vampire)
 52006 | Zig:9    | Identified the +5 short sword "Xuufegus" {drain, Str+3
                  | Int+5 Stlth+}
 52017 | Zig:10   | Entered Level 10 of a ziggurat
 52038 | Zig:10   | Noticed a royal mummy
 52047 | Zig:10   | Noticed a royal mummy
 52060 | Zig:10   | Identified the +6 ice dragon scales of Painted Beauty
                  | {rPois rF- rC++ rN+ Will+}
 52062 | Zig:10   | Identified the +8 trident "Kizxiapt" {flame, rElec Will+}
 52064 | Zig:11   | Entered Level 11 of a ziggurat
 52282 | Zig:11   | Identified the Catalogue of Sinister Arts and
                  | Transmigration
 52316 | Zig:12   | Entered Level 12 of a ziggurat
 52326 | Zig:12   | Noticed a juggernaut
 52353 | Zig:12   | Killed a juggernaut
 52369 | Zig:12   | Received a gift from Yredelemnul (a phantasmal warrior)
 52422 | Zig:12   | Identified the +5 halberd of Nemelex Xobeh's Regard {drain,
                  | Will+}
 52432 | Zig:12   | Identified the +9 falchion "Gomnurph" {vorpal, +Inv Dex+2}
 52437 | Zig:12   | Identified the +9 long sword of the Feather {holy, *Slow
                  | Int+5}
 52462 | Zig:12   | Identified the +1 lajatang "Concordance" {vorpal, +Blink
                  | Dex+3}
 52466 | Zig:13   | Entered Level 13 of a ziggurat
 52497 | Zig:13   | Lost intelligence.
 52497 | Zig:13   | Gained mutation: You are very dopey. (Int -4) [a shining
                  | eye]
 52502 | Zig:13   | Received a gift from Yredelemnul (a flayed ghost)
 52527 | Zig:13   | Found the +7 great mace "Firestarter" {inner flame, rF++}
 52533 | Zig:13   | Identified Sif Muna's Almanac of Displaced Venom
 52541 | Zig:13   | Lost mutation: You are weak. (Str -2) [potion of mutation]
 52541 | Zig:13   | Lost mutation: You are very dopey. (Int -4) [potion of
                  | mutation]
 52541 | Zig:13   | Lost mutation: You have a pair of small antennae on your
                  | head. [potion of mutation]
 52541 | Zig:13   | Gained mutation: Your muscles are strong. (Str +2) [potion
                  | of mutation]
 52542 | Zig:13   | Lost mutation: Your muscles are strong. (Str +2) [potion of
                  | mutation]
 52542 | Zig:13   | Lost mutation: You are dopey. (Int -2) [potion of mutation]
 52543 | Zig:13   | Lost mutation: You are somewhat resistant to further
                  | mutation. [potion of mutation]
 52543 | Zig:13   | Lost mutation: You are partially covered in molten scales.
                  | (AC +2) [potion of mutation]
 52543 | Zig:13   | Gained mutation: You have a somewhat thin skeletal
                  | structure. (Dex +2, Stealth) [potion of mutation]
 52543 | Zig:13   | Gained mutation: Your system is resistant to poisons.
                  | (rPois) [potion of mutation]
 52543 | Zig:13   | Gained mutation: Your flesh is heat resistant. (rF+)
                  | [potion of mutation]
 52544 | Zig:13   | Identified the Catalogue of the Evil Escort
 52555 | Zig:13   | Identified the ring of Ru's Grace {+Inv rN+ Will++ EV+4
                  | Int+4}
 52589 | Zig:14   | Entered Level 14 of a ziggurat
 52614 | Zig:14   | Received a gift from Yredelemnul (a ghoul)
 52647 | Zig:14   | Received a gift from Yredelemnul (a bone dragon)
 52777 | Zig:15   | Entered Level 15 of a ziggurat
 52795 | Zig:15   | Found the +8 autumn katana {vorpal, Clar}
 52795 | Zig:15   | Noticed Qepa the pandemonium lord
 52816 | Zig:15   | Identified the +6 whip of Foolhardiness {elec, rElec rPois
                  | Will+ Int+3}
 52826 | Depths:5 | Received a gift from Yredelemnul (a vampire knight)
 52994 | Depths:5 | Found a broken altar of Ashenzari.
 53123 | Depths:5 | Found a gate to the Realm of Zot.
 53457 | Depths:5 | Found a one-way gate to the infinite horrors of the Abyss.
 53536 | Depths:5 | Found Lauseon's Book Shoppe.
 53536 | Depths:5 | Found Biukkien's Jewellery Boutique.
 53537 | Depths:5 | Found Tuarell's Jewellery Boutique.
 53697 | Zot:1    | Entered Level 1 of the Realm of Zot
 54025 | Zot:1    | Learned a level 1 spell: Apportation
 54320 | Zot:1    | Reached skill level 1 in Translocations
 54330 | Zot:1    | Reached skill level 1 in Spellcasting
 54337 | Zot:1    | Received a gift from Yredelemnul (a bone dragon)
 54394 | Zot:1    | Received a gift from Yredelemnul (a vampire)
 54425 | Zot:1    | Received a gift from Yredelemnul (a vampire)
 55264 | Zot:2    | Acquired a manual of Spellcasting
 55529 | Zot:2    | Received a gift from Yredelemnul (a vampire)
 55534 | Zot:2    | Reached skill level 5 in Spellcasting
 55745 | Zot:3    | Received a gift from Yredelemnul (a skeletal warrior)
 55767 | Zot:3    | Reached skill level 5 in Translocations
 55787 | Zot:3    | Received a gift from Yredelemnul (a ghoul)
 56817 | Zot:4    | Identified the +1 chain mail "Mynublee" {Dex+3}
 56945 | Zot:4    | Noticed an orb of fire
 56945 | Zot:4    | Noticed an orb of fire
 56958 | Zot:4    | HP: 3/166 [orb of fire (6)]
 56959 | Zot:4    | Killed from afar by an orb of fire

Illustrated notes

Levels and vault maps discovered:
D:1:      saegor_arrival_simple_a, layout_basic
D:2:      layout_rooms, uniq_robin, uniq_terence, uniq_crazy_yiuf_cottage
D:3:      layout_basic, grunt_dithmenos_smoke,
          nicolae_ru_great_annihilating_truth, uniq_sigmund
D:4:      layout_basic, general_overflow_altar, minmay_temple_entry_grid,
          uniq_grinder
D:5:      minmay_evil_eye, layout_basic, zin_scriptorium, lemuel_crystal_altar,
          serial_shops, nicolae_shop_competitors_out_of_business,
          nicolae_shop_waterfront, shop_statue, kennysheep_mini_moat,
          uniq_prince_ribbit1
D:6:      layout_loops_ring, basic_altar, hangedman_decor_lopped,
          xom_teletrap_fun
D:7:      hangedman_cross_stitches, layout_loops_ring, serial_aquarium,
          aquarium_bridge_straight [aquarium_subvault_bridge,
          aquarium_subvault_wall, aquarium_subvault_bridge,
          aquarium_subvault_window], aquarium_window_fake,
          aquarium_window_double, aquarium_view_2f, aquarium_pool_2,
          serial_shops, shop, shop, minmay_between
D:8:      layout_basic, uniq_psyche
D:9:      layout_basic, lemuel_coloured_pillars_altar,
          chequers_temple_overflow_statue_of_worship, uniq_erolcha, uniq_maurice
D:10:     layout_irregular_city, david_lair_generic, serial_shops, shop_coins,
          hangedman_feature_mirror
D:11:     layout_gridville, orc_0_dummy, enter_bailey_4, uniq_grum
D:12:     layout_loops_ring, minmay_misc_feat_rugged, uniq_frances
D:13:     layout_roguey, erik_vaults_2, serial_shops, kennysheep_mini
D:14:     layout_loops_ring, serial_ice, serial_ice_k, serial_ice_h,
          serial_ice_g, serial_ice_m, serial_ice_f, serial_ice_a, serial_ice_o,
          serial_ice_c, serial_ice_n, serial_ice_b, lemuel_crystal_altar,
          yredelemnul_altar_generic
D:15:     gammafunk_depths_entry_grave, layout_irregular_city,
          grunt_decor_arrowhead, serial_shops, shop_statue,
          nicolae_shop_statue_plus
Temple:   regret_index_temple_generic_petals
Lair:1:   layout_loops_ring
Lair:2:   layout_hall_layers, chequers_serial_rivers_micro_e
Lair:3:   layout_roguey [special_room_bee], minivault_23, grunt_megastairs_1
Lair:4:   layout_roguey, minmay_swamp_entry_swarm, spider_nest_entry_rubble,
          nicolae_lair_grove_arrangements, lemuel_fruit_tree,
          infiniplex_staircase_pool_2
Lair:5:   layout_loops_ring, minmay_slime_entry_oklob_open, basic_altar,
          serial_bayou_shore_a
Lair:6:   minmay_lair_end_enchanted_forest, layout_gridlike, grunt_megastairs_5,
          infiniplex_staircase_pool
Swamp:1:  layout_falls_marsh, hangedman_swamp_ruin_wall,
          nicolae_swamp_fairy_circle
Swamp:2:  layout_falls_marsh, evilmike_swamp_ruin_house_5, uniq_louise
Swamp:3:  cheibrodos_swamp_mausoleum, layout_falls_marsh,
          hangedman_swamp_ruin_hall, grunt_hermit_hut, uniq_roxanne, uniq_donald
Swamp:4:  grunt_swamp_rune_castle, layout_basic_swamp, swamp_pool5, uniq_kirke
Spider:1: layout_spider_delve, zaba_anthell
Spider:2: layout_spider_delve, nicolae_spider_stair_cavern
Spider:3: layout_spider_delve, worms_lemuel
Spider:4: grunt_spider_rune_circles, uniq_nikola
Slime:1:  layout_caves
Slime:2:  layout_caves, basic_altar, nicolae_slime_ancient_tower_intersection
Slime:3:  layout_caves
Slime:4:  layout_caves
Slime:5
Orc:1:    layout_diamond_mine
Orc:2:    st_orc_elflike, layout_diamond_mine, serial_shops, bzr_entry_water,
          shop, shop_scrolls, enter_volcano_2
Elf:1:    layout_gridlike, hangedman_elven_crosses_minicolossus
Elf:2:    layout_rooms, hangedman_decor_cross_pass, uniq_saint_roka,
          uniq_asterion
Elf:3:    minmay_elf_hall_x, layout_loops_cross
Vaults:1: nicolae_vaults_back_hallway, nicolae_vaults_what_the_h,
          grunt_vaults_focal, vaults_room_semicircle, hangedman_vaults_slither,
          hangedman_vaults_river_flow, ontoclasm_vaults_hangar, v_misc_30,
          dpeg_vaults_monster_box, serial_ice_b, vaults_mumra_lcd,
          vaults_mumra_minichess, vaults_room_octagon,
          nicolae_vaults_circle_grid_a, layout_vaults_maze_bifur, serial_shops,
          nicolae_shop_waterfront, basic_altar, nicolae_trove_entry_columns
Vaults:2: ontoclasm_vaults_ring_large, vaults_dpeg_spiral, v_rooms_5,
          vaults_room_large_hall, minmay_crypt_entry_simple_statues,
          vaults_room_pools, v_misc_18, nicolae_vaults_little_squares_5,
          ontoclasm_vaults_bender, ontoclasm_vaults_ligature,
          layout_vaults_chaotic_city
Vaults:3: st_star, vaults_room_octagon, v_misc_32, v_misc_18,
          nicolae_vaults_three_branches, nicolae_vaults_little_squares_6,
          vaults_room_grunt_arrival_ludios, nicolae_vaults_little_squares_5,
          layout_vaults_omnigrid, serial_shops, shop
Vaults:4: v_misc_14, vaults_mumra_hex, v_misc_25, hangedman_vaults_stitches,
          grunt_vaults_bifocal, nicolae_vaults_ninety_degrees,
          vaults_room_fours, v_misc_27, ontoclasm_vaults_chip,
          nicolae_vaults_rhombus_6, ontoclasm_vaults_pinch,
          nicolae_vaults_little_squares_4, vaults_dpeg_diagonal,
          layout_vaults_omnibox, serial_shops, nicolae_shop_trees
Vaults:5: uniq_mara, uniq_frederick
Crypt:1:  cheibrodos_crypt_cold_storage, layout_chaotic_city,
          grunt_megastairs_4, grunt_crypt_arrival_webbed, uniq_aizul
Crypt:2:  layout_regular_city, uniq_khufu
Crypt:3:  david_glass_crypt, layout_rooms, nicolae_tomb_entry_grand_gallery,
          minmay_misc_feat_columns, st_burial_chamber
Tomb:1:   uniq_boris
Tomb:2
Tomb:3
Depths:1: grunt_arcs, layout_cave_shapes, pf_vacation_house_of_asmodeus,
          grunt_decor_clamped, hangedman_summoners_spam
Depths:2: minmay_octo_star, layout_gridville, rand_demon_pan_entry_5,
          hangedman_tar_grid_catacomb
Depths:3: ragdoll_tomb_raider, layout_cave_pools, pan_entry, hell_entry,
          tgw_lugonu_bribe, uniq_enchantress
Depths:4: minmay_the_grid_octo_tiled_octocenter_mashed
          [minmay_the_grid_octo_empty, minmay_the_grid_octo_fan_narrow,
          minmay_the_grid_octo_77, minmay_the_grid_octo_odd_swirl,
          minmay_the_grid_octo_prize_big_c, minmay_the_grid_square_5x5_z,
          minmay_the_grid_square_5x5_two_small,
          minmay_the_grid_square_5x5_shuriken,
          minmay_the_grid_square_5x5_fancy_junction], layout_basic, hell_entry,
          abyss_entry
Depths:5: grunt_twist_and_shout, layout_gridlike, enter_ziggurat_a,
          grunt_mini_vestibule, nicolae_abyss_entry_one_way_or_another,
          hangedman_decor_riveting, evilmike_ruin_ashenzari, minmay_shop_grove
Zot:1:    lemuel_acid_trip, layout_onion
Zot:2:    layout_basic
Zot:3:    lemuel_draconian_sentries, layout_cathedral_of_symmetry
Zot:4:    grunt_deathspiral_small, layout_onion

Skill      XL: |  1  2  3  4  5  6  7  8  9 10 11 12 13 14 15 16 17 18 19 20 21 22 23 24 25 26 27 |
---------------+----------------------------------------------------------------------------------+-----
Long Blades    | 2 3 4 5 6 7 8 9 10 11 12 13 14 15 16 17 | 17.8
Fighting       | 3 4 5 6 7 8 9 10 11 12 13 14 15 16 17 | 17.9
Shields        | 3 4 5 6 7 8 9 10 11 12 13 14 15 16 17 | 17.9
Armour         | 3 4 5 6 7 8 9 10 11 12 13 14 15 17 | 17.1
Stealth        | 2 4 6 8 10 13 16 17 18 19 | 19.0
Evocations     | 1 3 4 5 6 7 8 9 10 11 12 13 14 15 17 | 17.3
Invocations    | 4 6 8 10 11 12 13 14 15 16 17 18 19 | 19.8
Dodging        | 2 4 5 7 8 9 10 11 13 | 13.3
Translocations | 6 |  6.2
Spellcasting   | 7 |  7.9

Action                   |  1- 3 |  4- 6 |  7- 9 | 10-12 | 13-15 | 16-18 | 19-21 | 22-24 | 25-27 || total
-------------------------+-------+-------+-------+-------+-------+-------+-------+-------+-------++-------
Melee: Long sword        |   100 |   131 |   366 |   734 |   656 |       |       |       |       ||  1987
       Bite              |    22 |    43 |   117 |   317 |   446 |   378 |   471 |   646 |  1586 ||  4026
       Kick              |       |       |    87 |   304 |   478 |   379 |    54 |       |       ||  1302
       Demon blade       |       |       |       |       |   388 |   681 |    32 |       |       ||  1101
       Double sword      |       |       |       |       |       |       |   771 |   923 |  2285 ||  3979
       Katana            |       |       |       |       |       |       |       |       |    20 ||    20
Invok: Animate Dead      |       |       |       |     9 |   120 |    88 |    78 |    44 |    46 ||   385
       Recall Undead Sla |       |       |       |       |     8 |    15 |    24 |    27 |    13 ||    87
       Drain Life        |       |       |       |       |     4 |    14 |     9 |       |    16 ||    43
       Enslave Soul      |       |       |       |       |     2 |     1 |       |     2 |    11 ||    16
       Injury Mirror     |       |       |       |       |     1 |       |       |       |       ||     1
 Abil: Evoke Blink       |       |       |       |       |       |       |       |     1 |     5 ||     6
       Evoke Invisibilit |       |       |       |       |       |       |       |       |     2 ||     2
Evoke: Wand              |       |       |       |    13 |     4 |     5 |       |     6 |    20 ||    48
       Box of beasts     |       |       |       |     1 |     2 |     1 |     1 |     3 |     7 ||    15
       Lightning rod     |       |       |       |       |     4 |     1 |     3 |     4 |    17 ||    29
       Condenser vane    |       |       |       |       |       |       |     5 |     7 |    14 ||    26
       Phantom mirror    |       |       |       |       |       |       |     1 |     1 |     2 ||     4
       Phial of floods   |       |       |       |       |       |       |       |       |     2 ||     2
       Tin of tremorston |       |       |       |       |       |       |       |       |     8 ||     8
  Use: Potion            |       |       |     2 |     2 |     3 |     4 |     2 |     3 |    23 ||    39
       Scroll            |       |       |    13 |     7 |    10 |     2 |     2 |    12 |    21 ||    67
 Stab: Paralysed         |       |     2 |       |     6 |       |       |       |     4 |     8 ||    20
       Invisible         |       |       |       |     2 |       |       |       |       |    51 ||    53
       Distracted        |       |       |       |     2 |    22 |    18 |    20 |    46 |    54 ||   162
       Sleeping          |       |       |       |       |    14 |    32 |    33 |    21 |    34 ||   134
       Confused          |       |       |       |       |       |       |       |       |     8 ||     8
Armor: Scale mail        |    61 |    17 |       |       |       |       |       |       |       ||    78
       Plate armour      |       |    30 |   112 |       |       |       |   257 |   402 |  1107 ||  1908
       Chain mail        |       |       |    72 |   429 |   725 |   539 |    31 |       |       ||  1796
Dodge: Dodged            |    51 |    21 |    53 |   132 |   298 |   233 |   191 |   366 |  1344 ||  2689
Block: Kite shield       |   108 |    99 |   323 |   786 |  1097 |   573 |   506 |   613 |  2359 ||  6464
       Reflection        |       |     2 |    10 |    58 |     2 |       |    33 |    17 |    41 ||   163
       Rpst.: Long sword |    15 |    11 |    14 |    33 |    43 |       |       |       |       ||   116
       Demon blade       |       |       |       |       |    16 |    39 |     3 |       |       ||    58
       Double sword      |       |       |       |       |       |       |    32 |    88 |   204 ||   324

Table legend: (Time is in decaauts)
 A = Elapsed time spent in this place.
 B = Non-inter-level travel time spent in this place.
 C = Inter-level travel time spent in this place.
 D = Time resting spent in this place.
 E = Time spent auto-exploring this place.
 F = Levels seen in this place.
 G = Mean time per level.
                   A        B        C        D        E       F      G
               +--------+--------+--------+--------+--------+-----+--------+
         Total |  56793 |  52852 |   3941 |   2956 |  32065 |  79 |  718.9 |
       Dungeon |  14003 |  12930 |   1073 |    298 |   9132 |  15 |  933.5 |
        Temple |    285 |    255 |     30 |      0 |    247 |   1 |  285.0 |
          Lair |   7262 |   6380 |    882 |    162 |   4427 |   6 | 1210.3 |
         Swamp |   3498 |   3142 |    356 |    380 |   1714 |   4 |  874.5 |
   Spider Nest |   2937 |   2833 |    104 |     66 |   1998 |   4 |  734.2 |
    Slime Pits |    621 |    579 |     42 |     56 |     88 |   5 |  124.2 |
  Orcish Mines |   1214 |   1016 |    198 |     16 |    624 |   2 |  607.0 |
   Elven Halls |   3585 |   3333 |    252 |    266 |   1890 |   3 | 1195.0 |
        Vaults |   7553 |   7204 |    349 |    238 |   4608 |   5 | 1510.6 |
         Crypt |   3186 |   2960 |    226 |    383 |   1605 |   3 | 1062.0 |
          Tomb |   2177 |   1940 |    237 |    539 |    622 |   3 |  725.7 |
        Depths |   4328 |   4245 |     83 |    117 |   2479 |   5 |  865.6 |
           Zot |   3129 |   3025 |    104 |    140 |   2033 |   4 |  782.2 |
         Abyss |    524 |    524 |      0 |      0 |    226 |   1 |  524.0 |
      Ziggurat |   1548 |   1548 |      0 |    294 |      0 |  15 |  103.2 |
        Bazaar |    140 |    140 |      0 |      0 |      0 |   1 |  140.0 |
        Bailey |    139 |    139 |      0 |      0 |      5 |   1 |  139.0 |
       Volcano |    655 |    655 |      0 |      0 |    365 |   1 |  655.0 |
               +--------+--------+--------+--------+--------+-----+--------+

Top non-repeatable levels by time:
Vaults:5: 1789 daAuts
  Tomb:1: 1557 daAuts
Vaults:3: 1537 daAuts
Vaults:4: 1497 daAuts
 Swamp:3: 1441 daAuts
  Lair:1: 1397 daAuts
  Lair:6: 1387 daAuts
Vaults:2: 1373 daAuts
   Elf:3: 1367 daAuts
Vaults:1: 1355 daAuts
    D:12: 1192 daAuts
 Crypt:3: 1181 daAuts
     D:1: 1180 daAuts
    D:10: 1180 daAuts
  Lair:5: 1156 daAuts
